 Dungeon Crawl Stone Soup version 0.25.1-2-g60ff931df9 (webtiles) character file.

Game seed: 10451660312662595558

34 solopath the Chiller (level 3, -4/24 HPs)
             Began as a Barachi Ice Elementalist on Nov 3, 2020.
             Slain by a centaur zombie (5 damage)
             ... on level 2 of the Dungeon.
             The game lasted 00:02:32 (1219 turns).

solopath the Chiller (Barachi Ice Elementalist)     Turns: 1219, Time: 00:02:33

Health: -4/24      AC:  3    Str:  9    XL:     3   Next: 31%
Magic:  2/7        EV: 12    Int: 16    God:
Gold:   32         SH:  0    Dex: 12    Spells: 6/7 levels left

rFire    . . .     SeeInvis .   j - +0 dagger (speed)
rCold    . . .     Gourm    .   (no shield)
rNeg     . . .     Faith    .   l - +1 robe {Archmagi}
rPois    .         Spirit   .   (no helmet)
rElec    .         Reflect  .   (no cloak)
rCorr    .         Harm     .   (no gloves)
MR       .....                  (no boots)
Stlth    ++........             (no amulet)
HPRegen  0.08/turn              (no ring)
MPRegen  0.10/turn              (no ring)

@: can't hop, very slightly contaminated, slow
A: +LOS, swims, slowness 1, strong legs 1
a: Hop


You were on level 2 of the Dungeon.
You were hungry.

You visited 1 branch of the dungeon, and saw 2 of its levels.

You collected 32 gold pieces.

Inventory:

Hand Weapons
 i - a +0 dagger
 j - a +0 dagger of speed (weapon)
Armour
 a - a +0 robe
 l - a +1 robe of the Archmagi (worn)
Scrolls
 b - 2 scrolls of enchant armour
 e - a scroll of teleportation {unknown}
 f - a scroll of fog {unknown}
 g - a scroll of remove curse {unknown}
 h - a scroll of identify {unknown}
 k - a scroll of noise {unknown}
Comestibles
 c - 5 rations


   Skills:
 - Level 2.1 Dodging
 + Level 2.2 Stealth
 + Level 2.6 Spellcasting
 * Level 5.5 Ice Magic


You had 6 spell levels left.
You knew the following spells:

 Your Spells              Type           Power        Failure   Level  Hunger
a - Freeze                Ice            ####         1%          1    #......

Your spell library contained the following spells:

 Spells                   Type           Power        Failure   Level  Hunger
 Frozen Ramparts          Ice            ####..       6%          3    ###....
 Ozocubu's Armour         Chrm/Ice       ###.....     19%         3    ###....
 Hailstorm                Conj/Ice       ###.....     52%         4    #####..
 Summon Ice Beast         Ice/Summ       ###.....     52%         4    #####..


Dungeon Overview and Level Annotations

Branches:
Dungeon (2/15)

Altars:


Innate Abilities, Weirdness & Mutations

You can be seen from farther away. (+LOS)
You can swim through water.
You cover ground slowly.
You can hop short distances.


Message History

Casting: Freeze (safe; 1% risk of failure)
Confirm with . or Enter, or press ? or * to list all spells.
Aiming: Freeze (safe; 1% risk of failure)
Press: ? - help, Shift-Dir - straight line, f/p - centaur zombie
Aim: a centaur zombie (moderately damaged)
You feel a surge of power!
The centaur zombie resists.
You freeze the centaur zombie.
The centaur zombie is heavily damaged.
The centaur zombie hits you!
* * * LOW HITPOINT WARNING * * *
Casting: Freeze (safe; 1% risk of failure)
Confirm with . or Enter, or press ? or * to list all spells.
Aiming: Freeze (safe; 1% risk of failure)
Press: ? - help, Shift-Dir - straight line, f/p - centaur zombie
Aim: a centaur zombie (heavily damaged)
You feel a surge of power!
The centaur zombie resists.
You freeze the centaur zombie.
The centaur zombie is heavily damaged.
The centaur zombie misses you. The centaur zombie hits you.
You die...

#. # # #.
##.## #.# #.
#.## #.# ..
#.#. #.# ..
#..# #.# #..
###. #.# ###
## #.# # #
#.########.#
#
#...@Z.....#
#
#.##########
# #.# # #.#
# #.# # #.#
## #.#######
#####.
#.......#
#.....
#######.#
###.###.


You could see a centaur zombie.

Vanquished Creatures
  An adder (D:2)
  2 dart slugs (D:1)
  A leopard gecko (D:1)
  A giant cockroach (D:1)
  4 goblins
  3 hobgoblins (D:1)
  2 frilled lizards
  2 kobolds (D:1)
  5 rats (D:1)
21 creatures vanquished.

Notes
Turn   | Place    | Note
-------+----------+-------------------------------------------
     0 | D:1      | solopath the Barachi Ice Elementalist began the quest for
                  | the Orb.
     0 | D:1      | Reached XP level 1. HP: 13/13 MP: 3/3
   172 | D:1      | Reached skill level 5 in Ice Magic
   216 | D:1      | Reached XP level 2. HP: 19/19 MP: 0/5
  1059 | D:2      | Reached XP level 3. HP: 24/24 MP: 6/6
  1218 | D:2      | HP: 1/24 [centaur zombie (7)]
  1219 | D:2      | Slain by a centaur zombie

Illustrated notes

Levels and vault maps discovered:
D:1:      nicolae_arrival_washed_ashore, layout_basic, hex_large, hex_tiny
D:2:      layout_loops_ring, marbit_many_paths

Skill      XL: |  1 |
---------------+----+-----
Ice Magic      | 5 |  5.5
Stealth        | 2 |  2.2
Dodging        | |  2.1
Spellcasting   | |  2.6

Action                   || total
-------------------------++-------
Melee: Unarmed           ||     4
       Dagger            ||    19
 Cast: Freeze            ||    27
 Abil: Hop               ||     1
  Use: Scroll            ||     1
       Potion            ||     1
 Stab: Sleeping          ||     5
  Eat: Chunk             ||     1
Armor: Robe              ||     1
Dodge: Dodged            ||    24
